 Dungeon Sprint DCSS version 0.31-a0-983-g7b6862f502 (webtiles) character file.

Game seed: 17390870058078752154

1331 rocky1 the Grappler (level 8, -4/76 HPs)
             Began as a Naga Shapeshifter on Nov 3, 2023.
             Was an Initiate of Gozag.
             Slain by a spriggan rider
             ... wielding a +0 spear
              (20 damage)
             ... in the Dungeon (Sprint VII: "The Pits").
             The game lasted 00:03:42 (1549 turns).

rocky1 the Grappler (Naga Shapeshifter)             Turns: 1549, Time: 00:03:42

Health: -4/76      AC: 15    Str: 17    XL:     8   Next: 60%
Magic:  8/8        EV:  7    Int: 10    God:    Gozag
Gold:   511        SH:  0    Dex: 13    Spells: 7/7 levels left

rFire   . .          .
                       - Unarmed
rCold   . . .        (no shield)
rNeg    . . .        f - +3 chain mail
rPois   +            (helmet currently unavailable)
rElec   .            (cloak currently unavailable)
rCorr   .            (gloves currently unavailable)
SInv    +            (no barding)
Will    +....        (no amulet) Stlth
                     o - +4 ring of protection
HPRegen 0.32/turn    (no ring)
MPRegen 0.11/turn

%: no teleportation
@: short of breath, beast-form, gold aura, hasted and slowed, invisible, very
slow
A: beast (slay +4), AC +2, large, see invisible, deformed body, poison
resistance, slowness 2, spit poison 1, naga tail 1
a: Spit Poison, Begin Untransformation, Renounce Religion, Potion Petition, Call
Merchant, Bribe Branch


You were in the Dungeon.
You worshipped Gozag.
Gozag was pleased with you.
You were a hulking beast.
You visited 1 branch You collected 1494 gold pieces.
You spent 576 gold pieces at shops.
You paid 407 gold pieces to Gozag.

Inventory:

Missiles
 i - 9 poisoned darts
Armour
 a - a +0 animal skin
 f - a +3 chain mail (worn)
Jewellery
 o - a +4 ring of protection (left hand)
Talismans
 c - a beast talisman
 d - a flux talisman
Scrolls
 j - a scroll of blinking
 l - 2 scrolls of vulnerability
 m - 5 scrolls of amnesia
 n - a scroll of summoning
Potions
 e - 5 potions of curing
 h - 4 potions of magic


   Skills:
 + Level 5.8 Fighting
 + Level 5.4 Armour
 + Level 5.5 Dodging
 - Level 2.8 Stealth
 + Level 12.4 Unarmed Combat
 + Level 8.8 Shapeshifting


You had 7 spell levels left.
You didn't know any spells.
Your spell library was empty.

Dungeon Overview and Level Annotations

Branches:
Dungeon (1/1)

Altars:
Ashenzari
Cheibriados
Dithmenos
Elyvilon
Fedhas
Gozag
Hepliaklqana
Kikubaaqudgha
Makhleb
Nemelex Xobeh
Okawaru
Qazlal
Ru
Sif Muna
Trog
Uskayaw
Vehumet
Wu Jian
Xom
Yredelemnul
Zin
The Shining One
Jiyva
Lugonu

Shops:
D =


Innate Abilities, Weirdness & Mutations

You are a hulking beast.
Your limbs bulge with bestial killing power. (Slay +4)
Your serpentine skin is tough. (AC +2)
You have supernaturally acute eyesight. (SInv)
Armour fits poorly on your strangely shaped body.
Your system is resistant to poisons. (rPois)
You cover ground very slowly.
You can spit poison.
You have a snake-like lower body.


Message History

The gnoll bouda is no longer distracted by gold.
The wraith hits you. The wraith drains your vigour!
You feel as though you will be slow longer.
The spriggan rider hits you from afar with a +0 spear!!
* * * LOW HITPOINT WARNING * * *
You feel much better. The wraith hits you but does no damage.
The spriggan rider hits you from afar with a +0 spear!
* * * LOW HITPOINT WARNING * * *
Unknown command.
You punch the wraith!
You destroy the wraith!
Your Armour skill increases to level 5!
You punch the gnoll! You punch the gnoll.
You kill the gnoll!
The gnoll is no longer distracted by gold.
The spriggan rider hits you from afar with a +0 spear!
* * * LOW HITPOINT WARNING * * *
Unknown command.
Aiming: Spit Poison (1% risk of failure)
Press: ? - help, Shift-Dir - straight line, f - spriggan rider
Aim: a spriggan rider, wielding a +0 spear (34% to hit)
The splash of poison misses the spriggan rider.
The splash of poison hits the gnoll bouda.
The gnoll bouda is lightly wounded.
The spriggan rider hits you from afar with a +0 spear!
* * * LOW HITPOINT WARNING * * *
You feel much better.
The spriggan rider hits you from afar with a +0 spear.
* * * LOW HITPOINT WARNING * * *
Unknown command.
You punch the gnoll bouda!
The gnoll bouda is severely wounded.
The spriggan rider hits you from afar with a +0 spear.
* * * LOW HITPOINT WARNING * * *
You hit the gnoll bouda.
The gnoll bouda is almost dead.
The gnoll bouda closely misses you.
The spriggan rider hits you from afar with a +0 spear!!
You die...
Your body crumbles into a pile of gold.

#.####'##'###...<...#
#.#..))....##.......#
#.#........##.......#
#'###########.......#
#.......#..##########
#..###..#.######
#.......#)#....#
##.###.##)#g...#
#....∩..#hgi...+
#..###..#'#g...#
#.......[.#....#
################


You could see a spriggan rider, a gnoll bouda (unable to see you) and 2 gnolls.

Vanquished Creatures
  A black mamba (D)
  A wraith (D)
  Duvessa (D)
  Pargi (D)
  A black bear (D)
  2 bullfrogs (D)
  2 kobold brigands (D)
  A gnoll sergeant (D)
  2 scorpions (D)
  A hound (D)
  An iron imp (D)
  7 gnolls (D)
  A river rat (D)
  A white imp (D)
  2 goblins (D)
  A hobgoblin (D)
  A kobold (D)
  A ball python (D)
  A bat (D)
29 creatures vanquished.

Notes
Turn   | Place    | Note
-------+----------+-------------------------------------------
     0 | D        | rocky1 the Naga Shapeshifter began the quest for the Orb.
     0 | D        | Reached XP level 1. HP: 18/18 MP: 1/1
    19 | D        | Found a bloodstained altar of Trog.
    19 | D        | Found a shimmering blue altar of Sif Muna.
    19 | D        | Found a viscous altar of Jiyva.
    19 | D        | Found a hazy altar of Hepliaklqana.
    19 | D        | Found an opulent altar of Gozag.
    20 | D        | Found a glowing golden altar of the Shining One.
    20 | D        | Found a glowing silver altar of Zin.
    20 | D        | Found a basalt altar of Yredelemnul.
    20 | D        | Found a shimmering altar of Xom.
    20 | D        | Found an ornate altar of the Wu Jian Council.
    20 | D        | Found a sacrificial altar of Ru.
    20 | D        | Found a stormy altar of Qazlal.
    20 | D        | Found an iron altar of Okawaru.
    20 | D        | Found a sparkling altar of Nemelex Xobeh.
    20 | D        | Found a burning altar of Makhleb.
    20 | D        | Found a blossoming altar of Fedhas.
    20 | D        | Found a white marble altar of Elyvilon.
    20 | D        | Found a shadowy altar of Dithmenos.
    20 | D        | Found a snail-covered altar of Cheibriados.
    22 | D        | Found a radiant altar of Vehumet.
    22 | D        | Found a corrupted altar of Lugonu.
    23 | D        | Found a hide-covered altar of Uskayaw.
    23 | D        | Found an ancient bone altar of Kikubaaqudgha.
    23 | D        | Found a broken altar of Ashenzari.
    27 | D        | Became a worshipper of Gozag Ym Sagoz the Greedy
    59 | D        | Noticed a scorpion
    64 | D        | Killed a scorpion
    65 | D        | Reached skill level 5 in Unarmed Combat
    65 | D        | Reached skill level 5 in Shapeshifting
    65 | D        | Reached XP level 2. HP: 25/25 MP: 2/2
    65 | D        | Reached XP level 3. HP: 31/31 MP: 3/3
    65 | D        | Reached XP level 4. HP: 38/38 MP: 4/4
   210 | D        | Noticed a scorpion
   219 | D        | Killed a scorpion
   220 | D        | Reached skill level 6 in Unarmed Combat
   220 | D        | Reached XP level 5. HP: 44/44 MP: 5/5
   441 | D        | Reached skill level 1 in Stealth
   441 | D        | Reached skill level 7 in Unarmed Combat
   464 | D        | Reached skill level 8 in Unarmed Combat
   464 | D        | Reached XP level 6. HP: 25/55 MP: 6/6
   885 | D        | Noticed a black bear
   886 | D        | Noticed Pargi
   896 | D        | Killed Pargi
   897 | D        | Reached skill level 9 in Unarmed Combat
   899 | D        | Killed a black bear
   900 | D        | Reached skill level 1 in Armour
   906 | D        | Reached skill level 10 in Unarmed Combat
   906 | D        | Reached XP level 7. HP: 64/64 MP: 7/7
   956 | D        | Noticed Duvessa
   962 | D        | Killed Duvessa
   997 | D        | Noticed a black mamba
  1013 | D        | Killed a black mamba
  1014 | D        | Reached skill level 5 in Fighting
  1014 | D        | Reached skill level 5 in Dodging
  1014 | D        | Reached skill level 11 in Unarmed Combat
  1014 | D        | Reached XP level 8. HP: 38/74 MP: 8/8
  1272 | D        | Reached skill level 12 in Unarmed Combat
  1517 | D        | Bought a +4 ring of protection for 576 gold pieces
  1526 | D        | Noticed a wraith
  1526 | D        | Noticed a spriggan rider
  1544 | D        | Killed a wraith
  1545 | D        | Reached skill level 5 in Armour
  1546 | D        | HP: 2/76 [spriggan rider/+0 spear (7)]
  1549 | D        | Slain by a spriggan rider

Illustrated notes

Levels and vault maps discovered:
D:        pitsprint [storerooms_1, entrance_room_1, metal_vault_5, armoury_2,
          mini_pit_1, grid_room_1, main_hall_1, silver_pit, the_coven_2,
          the_vestibule_1, steel_vault_2, golden_pit, hallway_of_sentries,
          crystal_vault_4, iron_vault_3, final_vault]

Skill      XL: |  1  2  3  4  5  6  7  8 |
---------------+-------------------------+-----
Dodging        | 2 3 4 5 |  5.5
Unarmed Combat | 5 6 8 10 11 12 | 12.4
Shapeshifting  | 5 6 7 8 |  8.8
Fighting       | 2 4 5 |  5.8
Stealth        | 2 |  2.8
Armour         | 1 3 5 |  5.4

Action                     |  1- 3 |  4- 6 |  7- 9 || total
---------------------------+-------+-------+-------++-------
  Melee: Unarmed           |     5 |    44 |    47 ||    96
         Punch             |       |     1 |     3 ||     4
 Invoke: Call Merchant     |       |       |     1 ||     1
Ability: Spit Poison       |     1 |     3 |     2 ||     6
    Use: Potion            |     1 |     4 |     9 ||    14
   Stab: Invisible         |       |     5 |     1 ||     6
         Distracted        |       |       |     1 ||     1
 Armour: Animal skin       |     3 |    10 |       ||    13
         Skin              |       |    40 |       ||    40
         Chain mail        |       |    19 |    53 ||    72
  Dodge: Dodged            |     2 |    17 |    17 ||    36

Table legend: (Time is in decaauts)
 A = Elapsed time spent in this place.
 B = Non-inter-level travel time spent in this place.
 C = Inter-level travel time spent in this place.
 D = Time resting spent in this place.
 E = Time spent auto-exploring this place.
 F = Levels seen in this place.
 G = Mean time per level.
                   A        B        C        D        E       F      G
               +--------+--------+--------+--------+--------+-----+--------+
         Total |   1628 |   1602 |     26 |   1232 |      0 |   1 | 1628.0 |
       Dungeon |   1628 |   1602 |     26 |   1232 |      0 |   1 | 1628.0 |
               +--------+--------+--------+--------+--------+-----+--------+

Top non-repeatable levels by time:
       D: 1628 daAuts
